 Dungeon Crawl Stone Soup version 0.26.1-11-gd32895ea62 (webtiles) character file.

Game seed: 8123876886433181503

13 jantan the Ducker (level 2, 0/14 HPs)
             Began as a Spriggan Transmuter on May 6, 2021.
             Slain by a jackal (3 damage)
             ... on level 2 of the Dungeon.
             The game lasted 00:14:05 (2446 turns).

jantan the Ducker (Spriggan Transmuter)             Turns: 2446, Time: 00:14:05

Health: 0/14       AC:  2    Str:  6    XL:     2   Next: 24%
Magic:  6/6        EV: 18    Int: 14    God:
Gold:   36         SH:  0    Dex: 16    Spells: 5/6 levels left

rFire    . . .     SeeInvis +   h - +0 spear
rCold    . . .     Faith    .   (shield restricted)
rNeg     . . .     Spirit   .   a - +0 robe
rPois    .         Reflect  .   (helmet restricted)
rElec    .         Harm     .   (no cloak)
rCorr    .         Rampage  .   (gloves unavailable)
Will     .....                  (boots unavailable)
Stlth    +.........             (no amulet)
HPRegen  0.04/turn              (no ring)
MPRegen  0.10/turn              (no ring)

@: very quick
A: very small, unfitting armour, see invisible, speed 3
a: no special abilities


You were on level 2 of the Dungeon.
You visited 1 branch of the dungeon, and saw 2 of its levels.

You collected 36 gold pieces.

Inventory:

Hand Weapons
 h - a +0 spear (weapon)
 i - a cursed -2 short sword
Armour
 a - a +0 robe (worn)
Jewellery
 b - an uncursed ring of resist corrosion {unknown}
Scrolls
 c - a scroll of blinking {unknown}
 d - a scroll of fear {unknown}
Potions
 e - 2 potions of resistance {unknown}
 f - a potion of magic {unknown}
 g - a potion of might {unknown}


   Skills:
 + Level 1.0 Fighting
 + Level 3.2 Dodging
 + Level 2.9 Unarmed Combat
 + Level 2.6 Spellcasting
 + Level 2.6 Transmutations


You had 5 spell levels left.
You knew the following spells:

 Your Spells              Type           Power        Failure   Level
a - Beastly Appendage     Tmut           18%          8%          1

Your spell library contained the following spells:

 Spells                   Type           Power        Failure   Level
 Wereblood                Tmut           9%           11%         2
 Spider Form              Tmut/Pois      2%           36%         3
 Ice Form                 Ice/Tmut       5%           77%         4
 Blade Hands              Tmut           4%           90%         5


Dungeon Overview and Level Annotations

Branches:
Dungeon (1/15)

Altars:


Innate Abilities, Weirdness & Mutations

You are very small and have problems with some larger weapons.
You are too small for most types of armour.
You have supernaturally acute eyesight. (SInv)
You cover ground extremely quickly.


Message History

The jackal misses you. The dart slug closely misses you.
You hit the dart slug.
You kill the dart slug!
The jackal closely misses you. x2
The jackal bites you but does no damage.
You see here a dart slug corpse.
You barely miss the jackal.
The jackal is almost dead.
The jackal misses you. The jackal completely misses you.
You hit the jackal but do no damage.
The jackal is almost dead.
The jackal barely misses you. The jackal misses you. x2
The jackal completely misses you.
You hit the jackal.
You kill the jackal!
The jackal barely misses you. The jackal misses you.
You see here a jackal corpse.
The jackal bites you.
You die...

. ........#
........#
.....$..#
#....(..##
#......[.#
#######..#####
#.......#
#.†..##.##
#.@.......
#.†h..#.##
#.###.....# #
#.......#.#
########....#
..$.# #.#.#
.#.# .#


You could see a jackal.

Vanquished Creatures
  2 dart slugs
  A ball python (D:1)
  A hobgoblin (D:2)
  A jackal (D:2)
  2 frilled lizards (D:1)
  A goblin (D:1)
  A kobold (D:1)
  3 rats
12 creatures vanquished.

Notes
Turn   | Place    | Note
-------+----------+-------------------------------------------
     0 | D:1      | jantan the Spriggan Transmuter began the quest for the Orb.
     0 | D:1      | Reached XP level 1. HP: 9/9 MP: 5/5
   286 | D:1      | Reached skill level 1 in Fighting
  2254 | D:1      | You fall into a shaft and drop 1 floor!
  2306 | D:2      | Reached XP level 2. HP: 6/14 MP: 6/6
  2446 | D:2      | Slain by a jackal

Illustrated notes

Levels and vault maps discovered:
D:1:      psy_arrival_radial01, layout_loops_corners, minmay_misc_feat_alley,
          palyth_stone_intersect, minmay_pentomino_t2
D:2:      layout_basic, elyvilon_altar_1

Skill      XL: |  1 |
---------------+----+-----
Fighting       | 1 |  1.0
Dodging        | |  3.2
Unarmed Combat | |  2.9
Spellcasting   | |  2.6
Transmutations | |  2.6

Action                   || total
-------------------------++-------
Melee: Unarmed           ||    29
       Spear             ||    16
       Punch             ||     1
 Cast: Beastly Appendage ||     1
Armor: Robe              ||     2
Dodge: Dodged            ||    51
